 Dungeon Crawl Stone Soup version 0.29-a0-299-g4c793a2ed2 (webtiles) character file.

Game seed: 7339371051750138091

3950 manlight the Summoner (level 10, -17/66 HPs)
             Began as a Barachi Summoner on Mar 23, 2022.
             Was a Priest of Nemelex Xobeh.
             Demolished by a two-headed ogre
             ... wielding a +0 giant club
              (24 damage)
             ... on level 8 of the Dungeon on Mar 24, 2022.
             The game lasted 01:57:08 (6939 turns).

manlight the Summoner (Barachi Summoner)            Turns: 6939, Time: 01:57:09

Health: -17/66     AC:  6    Str: 16    XL:     10   Next: 21%
Magic:  20/22      EV: 12    Int: 34    God:    Nemelex Xobeh [***...]
Gold:   318        SH:  5    Dex: 12    Spells: 13/26 levels left

rFire   + . .      SeeInvis .   p - +11 hand axe "Fehafis" {vamp, Contam Fly rC+ Int+10}
rCold   + + .      Faith    .   K - +1 buckler of Joy {rF+}
rNeg    . . .      Spirit   .   G - +3 leather armour of Wrong Decisions {Rampage Drain +Inv}
rPois   .          Reflect  .   (no helmet)
rElec   .          Harm     .   n - scarf {repulsion}
rCorr   .          Rampage  +   (no gloves)
Will    .....                   (no boots)
Stlth   ++........              g - amulet of the acrobat
HPRegen 0.21/turn               A - ring of Duzejur {rC+ Will- Str+4 Int+6}
MPRegen 0.18/turn               (no ring)

@: elixired, flying, studying Crossbows, repel missiles, slow
A: amphibious, slowness 1, strong legs 1, +LOS
a: Hop, Renounce Religion, Evoke Invisibility, Draw Escape, Draw Destruction,
Draw Summoning, Triple Draw


You were on level 8 of the Dungeon.
You worshipped Nemelex Xobeh.
Nemelex Xobeh was most pleased with you.
You visited 2 branches of the dungeon, and saw 9 of its levels.

You collected 510 gold pieces.
You spent 192 gold pieces at shops.

Inventory:

Hand Weapons
 p - the +11 hand axe "Fehafis" (weapon) {vamp, Contam Fly rC+ Int+10}
   (You found it on level 2 of the Dungeon)

   It occasionally heals its wielder for a portion of the damage dealt when it
   wounds a living foe.
   Int:       It affects your intelligence (+10).
   rC:        It protects you from cold.
   Fly:       It grants you flight.
   Contam:    It causes magical contamination when unequipped.
Missiles
 t - 4 atropa-tipped darts
 y - 5 curare-tipped darts
 C - 2 throwing nets
Armour
 n - a scarf of repulsion (worn)
 G - the +3 leather armour of Wrong Decisions (worn) {Rampage Drain +Inv}
   (You took it off an orc priest on level 5 of the Dungeon)

   +Inv:      It lets you turn invisible.
   Drain:     It drains your maximum health when unequipped.
   Rampage:   It bestows one free step when moving towards enemies.
 K - the +1 buckler of Joy (worn) {rF+}
   (You found it on level 6 of the Dungeon)

   rF:        It protects you from fire.
Jewellery
 g - an amulet of the acrobat (around neck)
 A - the ring of Duzejur (left hand) {rC+ Will- Str+4 Int+6}
   (You bought it in a shop on level 4 of the Dungeon)

   [ring of intelligence]

   Str:       It affects your strength (+4).
   Int:       It affects your intelligence (+6).
   rC:        It protects you from cold.
   Will:      It decreases your willpower.
 H - a ring of flight
Wands
 h - a wand of iceblast (9)
 w - a wand of paralysis (4)
Scrolls
 c - 3 scrolls of identify
 d - a scroll of holy word {unknown}
 f - 2 scrolls of acquirement {unknown}
 o - 5 scrolls of teleportation
 r - a scroll of brand weapon {unknown}
 s - 2 scrolls of blinking {unknown}
 u - a scroll of vulnerability {unknown}
 x - a scroll of noise {unknown}
 z - 3 scrolls of amnesia
 B - 3 scrolls of enchant weapon {unknown}
 D - a scroll of enchant armour {unknown}
 E - a scroll of summoning {unknown}
 F - 2 scrolls of fear
 I - 3 scrolls of fog
 J - a scroll of magic mapping
Potions
 a - a potion of mutation {unknown}
 b - 2 potions of magic
 e - 3 potions of attraction
 i - 3 potions of heal wounds
 j - 4 potions of curing
 k - 2 potions of cancellation
 l - a potion of brilliance {unknown}
 m - a potion of ambrosia {unknown}
 q - 2 potions of flight {unknown}
 v - 2 potions of haste {unknown}
 L - a potion of might {unknown}


   Skills:
 + Level 1.5 Fighting
 + Level 3.4 Armour
 + Level 3.1 Dodging
 - Level 1.7 Stealth
 * Level 3.4 Shields
 + Level 8.6 Spellcasting
 * Level 13.3 Summonings


You had 13 spell levels left.
You knew the following spells:

 Your Spells              Type           Power      Damage    Failure   Level
a - Summon Small Mammal   Summ           100%       N/A       1%          1
b - Summon Guardian Gole  Hex/Summ       56%        N/A       1%          3
c - Call Canine Familiar  Summ           81%        N/A       1%          3
d - Call Imp              Summ           81%        N/A       1%          2
e - Summon Lightning Spi  Summ/Air       56%        N/A       3%          4

Your spell library contained the following spells:

 Spells                   Type           Power      Damage    Failure   Level
 Gell's Gravitas          Tloc           14%        N/A       16%         3
 Teleport Other           Tloc           14%        N/A       16%         3
 Tukima's Dance           Hex            14%        N/A       16%         3
 Passage of Golubria      Tloc           14%        N/A       45%         4
 Yara's Violent Unravell  Hex/Tmut       7%         3d5       80%         5
 Spellforged Servitor     Conj/Summ      28%        N/A       95%         7
 Dispersal                Tloc           7%         N/A       100%        6
 Orb of Destruction       Conj           7%         9d6       100%        7


Dungeon Overview and Level Annotations

Branches:
Dungeon (8/15)             Temple (1/1) D:7
   Lair: D:8-11

Altars:
Cheibriados
Elyvilon
Fedhas
Gozag
Hepliaklqana
Kikubaaqudgha
Makhleb
Nemelex Xobeh
Okawaru
Qazlal
Ru
Trog
Vehumet
Wu Jian
Xom
Yredelemnul
Zin
The Shining One
Beogh

Shops:
D:1 ?   D:4 *[*


Innate Abilities, Weirdness & Mutations

You are amphibious.
You cover ground slowly.
You can hop short distances.
You have an extended range of vision and can be seen from far away.


Message History

The two-headed ogre hits you with a +0 giant club!
You block the two-headed ogre's attack.
Your white imp gestures at the two-headed ogre.
The puff of frost hits the two-headed ogre!
Your warg bites the two-headed ogre but does no damage.
The steam dragon breathes steam at you.
The ball of steam is repelled.
Your white imp gestures at the two-headed ogre.
The puff of frost hits the two-headed ogre!
Your warg completely misses the two-headed ogre.
Your white imp is engulfed in a cloud of scalding steam.
Your white imp barely misses the two-headed ogre.
The two-headed ogre is engulfed in a cloud of scalding steam.
Your white imp is engulfed in a cloud of scalding steam.
Your white imp hits the two-headed ogre.
Your white imp freezes the two-headed ogre.
The two-headed ogre is engulfed in a cloud of scalding steam.
Your warg is engulfed in a cloud of scalding steam.
Your warg bites the two-headed ogre but does no damage.
Your white imp is engulfed in a cloud of scalding steam.
Your white imp dies!
Your white imp disappears in a puff of smoke!
The two-headed ogre is engulfed in a cloud of scalding steam.
You hit the two-headed ogre.
The two-headed ogre is almost dead.
Your warg is engulfed in a cloud of scalding steam.
Your warg completely misses the two-headed ogre.
The two-headed ogre hits you with a +0 giant club!!
The two-headed ogre hits you with a +0 giant spiked club!!
* * * LOW HITPOINT WARNING * * *
The steam dragon bites your warg! The steam dragon claws your warg.
Your warg dies!
Your warg's corpse disappears in a puff of smoke!
You draw a card...
You have drawn the Elixir.
You begin rapidly regenerating health and magic.
You block the two-headed ogre's attack. The two-headed ogre barely misses you.
The two-headed ogre attacks as you move away!
The two-headed ogre hits you with a +0 giant club!!
You die...
Your body glows slightly and disappears.

#.##.# #.###
#...#...## ##..#
.....O##....# #.##
##..... ##...##
##.## ##.D. ##...#
#...# #...
#...#######...#
###
##D..##.......#
###O......##...##
#..@...######...##
##...### ##...#
##...# #...###
#....## ##.<.#.
##..#).# ##....
#..##.)## #....
#..###..# ##....
##..# #).## #..>#.
#..## ##..##
##...##


You could see a two-headed ogre and a steam dragon.

Vanquished Creatures
  An orc warrior (D:7)
  A wolf (D:8)
  3 bullfrogs
  A howler monkey (D:3)
  2 adders (D:3)
  2 ufetubi
  A dart slug (D:3)
  An orc (D:3)
  A bat (D:3)
  An endoplasm (D:3)
  A hobgoblin (D:3)
  4 jackals
  A frilled lizard (D:3)
  2 rats
22 creatures vanquished.

Vanquished Creatures (collateral kills)
  A wyvern (D:8)
  Grum (D:8)
  A steam dragon (D:8)
  Edmund (D:6)
  4 sky beasts
  2 orc warriors (D:8)
  A black bear (D:5)
  2 wolves (D:8)
  2 centaurs
  An ice beast (D:6)
  An ogre (D:3)
  2 kobold brigands (D:5)
  3 phantoms
  3 bullfrogs
  A scorpion (D:5)
  2 necrophages
  3 wights (D:8)
  5 hounds
  7 orc priests
  3 jellies
  A gnoll shaman (D:7)
  4 iguanas
  3 orc wizards
  5 adders
  An ufetubus (D:4)
  2 worms (D:3)
  4 dart slugs
  54 orcs
  11 endoplasms
  3 giant cockroaches
  8 goblins
  5 hobgoblins
  4 jackals
  4 quokkas
  5 ball pythons
  3 bats
  13 kobolds
  8 rats
184 creatures vanquished.

Vanquished Creatures (others)
  A wight (D:8)
  3 fungi (D:1)
  11 plants
15 creatures vanquished.

Grand Total: 221 creatures vanquished

Notes
Turn   | Place    | Note
-------+----------+-------------------------------------------
     0 | D:1      | manlight the Barachi Summoner began the quest for the Orb.
     0 | D:1      | Reached XP level 1. HP: 13/13 MP: 3/3
    32 | D:1      | Reached skill level 5 in Summonings
   141 | D:1      | Found a faded altar of an unknown god.
   179 | D:1      | Reached XP level 2. HP: 19/19 MP: 1/5
   521 | D:1      | Found Daeplusk's Magic Scroll Boutique.
   568 | D:1      | Reached XP level 3. HP: 24/24 MP: 3/6
   612 | D:1      | You fall into a shaft and drop 1 floor!
   635 | D:2      | Identified the +11 hand axe "Fehafis" {vamp, Contam Fly rC+
                  | Int+10}
   679 | D:2      | Learned a level 3 spell: Summon Guardian Golem
   703 | D:2      | Learned a level 3 spell: Call Canine Familiar
  1452 | D:3      | Found a transporter.
  1455 | D:3      | Found a transporter.
  1463 | D:3      | Noticed a sky beast
  1465 | D:3      | Found a sparkling altar of Nemelex Xobeh.
  1532 | D:3      | Reached skill level 6 in Summonings
  1532 | D:3      | Reached XP level 4. HP: 30/30 MP: 2/8
  1728 | D:3      | Reached XP level 5. HP: 35/35 MP: 6/10
  1739 | D:3      | Noticed an ogre
  1760 | D:3      | Killed an ogre
  1761 | D:3      | Reached skill level 7 in Summonings
  1784 | D:3      | Learned a level 2 spell: Call Imp
  1933 | D:3      | Found a shimmering altar of Xom.
  2028 | D:3      | Found an ornate altar of the Wu Jian Council.
  2120 | D:3      | Reached XP level 6. HP: 12/41 MP: 2/11
  2140 | D:3      | Killed a sky beast
  2141 | D:3      | Reached skill level 8 in Summonings
  2161 | D:3      | Became a worshipper of Nemelex Xobeh the Trickster
  2193 | D:3      | Upgraded the game from 0.29-a0-298-g3c90f9a769 to
                  | 0.29-a0-299-g4c793a2ed2
  2216 | D:4      | Reached XP level 7. HP: 32/47 MP: 6/13
  2335 | D:4      | Found Yfoo's Assorted Antiques.
  2365 | D:4      | Bought a scroll labelled TELIRATWIT for 24 gold pieces
  2365 | D:4      | Bought a scroll labelled BAHINKOWIRR for 24 gold pieces
  2365 | D:4      | Bought a twitching copper ring for 120 gold pieces
  2365 | D:4      | Identified the ring of Duzejur {rC+ Will- Str+4 Int+6} (You
                  | bought it in a shop on level 4 of the Dungeon)
  2365 | D:4      | Bought a scroll labelled KUZIQO BANU for 24 gold pieces
  2393 | D:4      | Learned a level 4 spell: Summon Lightning Spire
  2575 | D:4      | Found Opufeb Inob's Antique Armour Boutique.
  2865 | D:4      | Reached * piety under Nemelex Xobeh
  2871 | D:4      | Found Biucka's General Store.
  3165 | D:5      | Entered Level 5 of the Dungeon
  3191 | D:5      | Reached skill level 9 in Summonings
  3210 | D:5      | Received a gift from Nemelex Xobeh
  3225 | D:5      | Found a blossoming altar of Fedhas.
  3250 | D:5      | Reached skill level 5 in Spellcasting
  3328 | D:5      | Found a snail-covered altar of Cheibriados.
  3393 | D:5      | Reached XP level 8. HP: 34/53 MP: 7/15
  3396 | D:5      | Reached skill level 1 in Armour
  3458 | D:5      | Reached skill level 1 in Fighting
  3498 | D:5      | Found a glowing golden altar of the Shining One.
  3522 | D:5      | Identified the +3 leather armour of Wrong Decisions
                  | {Rampage Drain +Inv}
  3535 | D:5      | Reached skill level 10 in Summonings
  3888 | D:5      | Received a gift from Nemelex Xobeh
  4126 | D:5      | Found a basalt altar of Yredelemnul.
  4275 | D:6      | Found an iron altar of Okawaru.
  4284 | D:6      | Reached skill level 11 in Summonings
  4431 | D:6      | Reached XP level 9. HP: 59/59 MP: 18/18
  4431 | D:6      | Reached ** piety under Nemelex Xobeh
  4454 | D:6      | Identified the +1 buckler of Joy {rF+}
  4468 | D:6      | Noticed Edmund
  4493 | D:6      | Killed Edmund
  4721 | D:6      | Reached skill level 1 in Shields
  5214 | D:7      | Reached skill level 12 in Summonings
  5343 | D:7      | Found a staircase to the Ecumenical Temple.
  5466 | D:7      | Received a gift from Nemelex Xobeh
  5745 | Temple   | Entered the Ecumenical Temple
  5999 | D:8      | Noticed Grum
  6030 | D:8      | Killed Grum
  6194 | D:8      | Reached skill level 13 in Summonings
  6194 | D:8      | Reached XP level 10. HP: 61/66 MP: 9/22
  6614 | D:8      | Reached *** piety under Nemelex Xobeh
  6905 | D:8      | Received a gift from Nemelex Xobeh
  6925 | D:8      | Noticed a two-headed ogre
  6937 | D:8      | HP: 1/66 [two-headed ogre/+0 giant club (28)]
  6939 | D:8      | Demolished by a two-headed ogre

Illustrated notes

Levels and vault maps discovered:
D:1:      eino_arrival_water_cross, layout_basic, serial_shops, shop,
          ebering_ecumenical_altar_webs, dreamdust_mushroom_princess
D:2:      layout_basic, chequers_serial_rivers_room_b,
          hangedman_abyss_or_decor_lesser_grid
D:3:      minmay_chambers_of_threes, layout_rooms,
          gammafunk_temple_overflow_arena, mainiacjoe_overflow_catwalk,
          nicolae_wu_jian_immortal_techniques, amcnicky_mini_corridor_feature
D:4:      layout_basic, serial_shops, nicolae_shop_crystal, shop,
          nicolae_shop_overgrown_old_shop, hangedman_abyss_or_decor_passed
D:5:      cheibrodos_thug_alley, layout_loops_ring, general_overflow_altar,
          kennysheep_slug_shrine, kennysheep_little_box, fedhas_altar_1,
          serial_park_tiny_2
D:6:      layout_gridville, lemuel_crystal_altar, uniq_edmund
D:7:      layout_cave_pools, minmay_temple_entry_arrows, grunt_decor_resistance,
          kennysheep_small_square
D:8:      layout_layer_cave, special_room [special_room_orc], uniq_grum
Temple:   jpeg_temple_alley_garden

Skill      XL: |  1  2  3  4  5  6  7  8  9 10 |
---------------+-------------------------------+-----
Summonings     | 5 6 7 8 9 11 13 | 13.3
Spellcasting   | 3 4 5 6 8 |  8.6
Armour         | 2 3 |  3.4
Fighting       | 1 |  1.5
Shields        | 2 3 |  3.4
Dodging        | 3 |  3.1
Stealth        | |  1.7

Action                   |  1- 3 |  4- 6 |  7- 9 | 10-12 || total
-------------------------+-------+-------+-------+-------++-------
Melee: Dagger            |     5 |       |       |       ||     5
       Short sword       |     1 |       |       |       ||     1
       Hand axe          |     4 |    20 |    60 |     5 ||    89
 Cast: Summon Small Mamm |    34 |    11 |    40 |    13 ||    98
       Call Canine Famil |     6 |    10 |    26 |     7 ||    49
       Summon Guardian G |     2 |     1 |     2 |     1 ||     6
       Call Imp          |       |     4 |    26 |     5 ||    35
       Summon Lightning  |       |       |     2 |     4 ||     6
Invok: Draw Destruction  |       |       |     3 |       ||     3
       Draw Escape       |       |       |       |     1 ||     1
  Use: Scroll            |     2 |     3 |     4 |       ||     9
 Stab: Distracted        |       |       |     3 |       ||     3
Armor: Robe              |     2 |     4 |       |       ||     6
       Leather armour    |       |       |     7 |       ||     7
Dodge: Dodged            |    17 |    35 |    56 |    14 ||   122
       Repelled          |       |     1 |     1 |     1 ||     3
Block: Buckler           |       |       |     1 |     4 ||     5

Table legend: (Time is in decaauts)
 A = Elapsed time spent in this place.
 B = Non-inter-level travel time spent in this place.
 C = Inter-level travel time spent in this place.
 D = Time resting spent in this place.
 E = Time spent auto-exploring this place.
 F = Levels seen in this place.
 G = Mean time per level.
                   A        B        C        D        E       F      G
               +--------+--------+--------+--------+--------+-----+--------+
         Total |   8098 |   8098 |      0 |      0 |   1761 |   9 |  899.8 |
       Dungeon |   7876 |   7876 |      0 |      0 |   1704 |   8 |  984.5 |
        Temple |    222 |    222 |      0 |      0 |     56 |   1 |  222.0 |
               +--------+--------+--------+--------+--------+-----+--------+

Top non-repeatable levels by time:
     D:5: 1357 daAuts
     D:4: 1126 daAuts
     D:8: 1117 daAuts
     D:6: 978 daAuts
     D:3: 913 daAuts
     D:1: 912 daAuts
     D:2: 750 daAuts
     D:7: 721 daAuts
  Temple: 222 daAuts
